 Dungeon Crawl Stone Soup version 0.17-a0-1572-g7a1422d (webtiles) character file.

1927 karlkraus the Blocker (level 8, 0/70 HPs)
             Began as a Minotaur Fighter on July 26, 2015.
             Was a Priest of Qazlal.
             Slain by a griffon (5 damage)
             ... on level 6 of the Dungeon.
             The game lasted 00:17:07 (3751 turns).

karlkraus the Blocker (Minotaur Fighter)            Turns: 3751, Time: 00:17:07

Health: 0/70       AC: 10    Str: 25    XL:     8   Next: 96%
Magic:  7/7        EV: 11    Int:  5    God:    Qazlal [***...]
Gold:   337        SH: 15    Dex: 11    Spells: 0 memorised, 7 levels left

rFire  . . .     SeeInvis .     B - +2 mace (crush)
rCold  . . .     Clarity  .     C - +4 ring mail "Iwkoeck" {*Drain rN+ Str+3}
rNeg   + . .     SustAt   +     c - +0 shield
rPois  .         Gourm    .     (helmet restricted)
rElec  .         Spirit   .     (no cloak)
rCorr  .         Warding  .     (no gloves)
rMut   .         Stasis   .     (no boots)
MR     +....                    n - amulet of regeneration
Stlth  +.........               q - ring of protection from magic
                                s - ring of sustain attributes

@: somewhat resistant to hostile enchantments, very unstealthy
A: retaliatory headbutt, horns 2
a: Upheaval, Elemental Force, Renounce Religion


You were on level 6 of the Dungeon.
You worshipped Qazlal.
Qazlal was most pleased with you.
You were very hungry.

You visited 2 branches of the dungeon, and saw 7 of its levels.
You also visited: Ossuary.

You collected 337 gold pieces.

Inventory:

Hand weapons
 a - a +0 war axe
 B - a +2 mace of crushing (weapon)
Armour
 c - a +0 shield (worn)
 x - a +0 plate armour
 C - the +4 ring mail "Iwkoeck" (worn) {*Drain rN+ Str+3}
   (You found it on level 4 of the Dungeon)

   It affects your strength (+3).
   It protects you from negative energy.
   It causes draining when unequipped.
Jewellery
 n - an amulet of regeneration (around neck)
 o - a +2 ring of protection
 q - a ring of protection from magic (right hand)
 s - a ring of sustain attributes (left hand)
Magical devices
 b - a wand of slowing (21)
 m - a wand of cold (6)
 y - a wand of confusion (24)
 K - a wand of paralysis (9)
Scrolls
 d - 2 scrolls of immolation {unknown}
 f - 2 scrolls of enchant armour {unknown}
 h - a scroll of fog {unknown}
 k - 3 scrolls of remove curse {unknown}
 l - 3 scrolls of enchant weapon {unknown}
 r - a scroll of teleportation {unknown}
 t - 2 scrolls of random uselessness {unknown}
 u - 2 scrolls of amnesia {unknown}
 v - a scroll of noise {unknown}
 w - 2 scrolls of fear {unknown}
 D - a scroll of blinking {unknown}
 I - 2 scrolls of identify
 J - a scroll of torment {unknown}
Potions
 g - 6 potions of curing
 i - 2 potions of magic
 p - 2 potions of flight
 z - a potion of resistance {unknown}
 A - 2 potions of heal wounds
 E - a potion of might
 F - 2 potions of beneficial mutation {unknown}
 G - 4 potions of ambrosia
 H - a potion of degeneration {unknown}
Comestibles
 e - 5 bread rations
 j - 5 meat rations


   Skills:
 + Level 6.1 Fighting
 + Level 6.3(6.7) Axes
 + Level 3.5(5.4) Maces & Flails
 + Level 7.2 Armour
 + Level 3.8 Dodging
 + Level 0.1 Stealth
 + Level 8.6 Shields


You had 7 spell levels left.
You didn't know any spells.

Dungeon Overview and Level Annotations

Branches:
Dungeon (6/15)             Temple (1/1) D:6

Altars:
Ashenzari
Cheibriados
Dithmenos
Fedhas
Gozag
Kikubaaqudgha
Makhleb
Nemelex Xobeh
Okawaru
Qazlal
Ru
Sif Muna
Trog
Vehumet
Xom
Yredelemnul
Zin
The Shining One


Innate Abilities, Weirdness & Mutations

You reflexively headbutt those who attack you in melee.
You have a pair of horns on your head.


Message History

The griffon bites you.
The griffon pecks you but does no damage.
The griffon claws you but does no damage.
The basilisk bites you but does no damage.
The griffon bites you.
* * * LOW HITPOINT WARNING * * *
The griffon pecks you but does no damage.
The griffon claws you but does no damage.
You turn to flesh and can move again.
The basilisk gazes at you. You resist with almost no effort.
You are feeling very hungry.
Things that are here:
a dagger; a goblin corpse The basilisk is engulfed in roaring flames.
The basilisk gazes at you. You resist with almost no effort.
The basilisk is engulfed in roaring flames.
You block the griffon's attack. The griffon pecks you.
You die...

#>..##... # #....#.# #.#
##...†.(#....
##....%...#.#.
#......)...... #
##.....####... ## ###
##l).).......
.##########.####(H#.#......
......#..>.....†@........#.
......#...†.†....#.#.#...#
...........#.............#
......#...........#.#....#
.)......####.!............
.......## ####..........
......## ####...?. .
......# ...... ......# ###


You could see a griffon and a basilisk.

Vanquished Creatures
  The ghost of Rayvis the Skirmisher, an experienced DsFi of Okawaru (D:6)
  The ghost of Alipheese the Poker, an average NaSk of Cheibriados (D:4)
  An ogre (D:4)
  A black bear (D:6)
  An orc warrior (D:6)
  A sky beast (D:6)
  An elf zombie (Ossuary)
  A giant frog (D:6)
  A scorpion (D:6)
  2 orc priests
  A human zombie (Ossuary)
  3 hounds
  A jelly (D:5)
  A centaur skeleton (D:4)
  A giant frog skeleton (D:4)
  2 iguanas
  3 orc wizards
  2 hound zombies (Ossuary)
  4 mummies (Ossuary)
  A worker ant zombie (D:5)
  11 adders
  An ooze (D:2)
  2 adder skeletons (D:4)
  2 adder zombies (D:5)
  3 worms
  2 giant geckos
  15 orcs
  A ball python (D:1)
  8 bats
  A bat skeleton (D:4)
  A bat zombie (D:6)
  8 giant cockroaches
  2 gnoll zombies (Ossuary)
  15 goblins
  16 hobgoblins
  5 jackals (D:3)
  3 quokkas
  8 giant newts
  A goblin zombie (Ossuary)
  A jackal zombie (Ossuary)
  13 kobolds
  A kobold zombie (Ossuary)
  An orc zombie (Ossuary)
  A quokka skeleton (D:6)
  10 rats
  2 rat zombies (Ossuary)
164 creatures vanquished.

Notes
Turn   | Place    | Note
--------------------------------------------------------------
     0 | D:1      | karlkraus the Minotaur Fighter began the quest for the Orb.
     0 | D:1      | Reached XP level 1. HP: 19/19 MP: 0/0
   109 | D:1      | Reached skill level 4 in Armour
   222 | D:1      | Reached XP level 2. HP: 24/26 MP: 1/1
   581 | D:2      | Reached XP level 3. HP: 33/33 MP: 2/2
   626 | D:2      | Found an ancient bone altar of Kikubaaqudgha.
   923 | D:2      | Reached XP level 4. HP: 40/40 MP: 3/3
  1057 | D:2      | Reached skill level 1 in Dodging
  1133 | D:2      | Found a bloodstained altar of Trog.
  1133 | D:2      | Found a radiant altar of Vehumet.
  1134 | D:2      | Found an iron altar of Okawaru.
  1452 | D:3      | You fall through a shaft for 3 floors!
  1452 | D:6      | Noticed an orc warrior
  1462 | D:6      | HP: 2/40 [orc priest/divine providence (9)]
  1465 | D:6      | Killed an orc warrior
  1465 | D:6      | Reached skill level 5 in Armour
  1465 | D:6      | Reached XP level 5. HP: 13/46 MP: 4/4
  1472 | D:6      | Reached skill level 5 in Shields
  1475 | D:6      | Reached XP level 6. HP: 28/53 MP: 5/5
  1520 | D:6      | Found a staircase to the Ecumenical Temple.
  1520 | D:6      | Noticed a giant frog
  1524 | D:6      | Killed a giant frog
  1572 | Temple   | Entered the Ecumenical Temple
  1622 | Temple   | Became a worshipper of Qazlal Stormbringer
  1856 | D:6      | Noticed a sky beast
  1862 | D:6      | Killed a sky beast
  1862 | D:6      | Reached skill level 5 in Fighting
  1872 | D:6      | Noticed a black bear
  1878 | D:6      | Killed a black bear
  1878 | D:6      | Reached skill level 5 in Axes
  1878 | D:6      | Reached XP level 7. HP: 52/61 MP: 6/6
  1895 | D:6      | Noticed Rayvis's ghost (experienced DsFi)
  1904 | D:5      | Entered Level 5 of the Dungeon
  2026 | D:4      | Reached skill level 6 in Armour
  2063 | D:4      | Acquired Qazlal's first power
  2068 | D:4      | Noticed Alipheese's ghost (average NaSk)
  2095 | D:4      | Killed Alipheese's ghost
  2151 | D:4      | Got a steaming ring mail
  2194 | D:4      | Found a sand-covered staircase.
  2213 | Ossuary  | Entered an ossuary
  2229 | Ossuary  | Reached XP level 8. HP: 53/69 MP: 7/7
  2232 | Ossuary  | Reached skill level 1 in Maces & Flails
  2246 | Ossuary  | Acquired Qazlal's second power
  2679 | D:4      | Reached skill level 7 in Shields
  2735 | D:4      | Identified the +4 ring mail "Iwkoeck" {*Drain rN+ Str+3} (You found it on level 4 of the Dungeon)
  3095 | D:3      | Found a glowing golden altar of the Shining One.
  3238 | D:3      | Found a shadowy altar of Dithmenos.
  3238 | D:3      | Found a shimmering altar of Xom.
  3377 | D:5      | Found Ruecal's Armour Boutique.
  3439 | D:5      | Found an ancient bone altar of Kikubaaqudgha.
  3675 | D:6      | Killed Rayvis's ghost
  3675 | D:6      | Reached skill level 8 in Shields
  3701 | D:6      | Acquired Qazlal's third power
  3723 | D:6      | Noticed a griffon
  3731 | D:6      | Noticed a basilisk
  3743 | D:6      | HP: 3/70 [griffon (2)]
  3744 | D:6      | HP: 1/70 [basilisk (2)]
  3751 | D:6      | Slain by a griffon

Vault maps used:
D:1:      minmay_arrival_solitary_statue, hex_large
D:2:      nicolae_overflow_crystal_walls, gammafunk_temple_overflow_claw,
          minmay_quantized
D:3:      gammafunk_temple_overflow_statue, first_bread, tso_metal_star
D:4:      nicolae_ossuary_entry_plus, kennysheep_generic_room_13
D:5:      basic_altar, serial_shops, shop, grunt_ministairs_15
D:6:      kennysheep_big_flooded_room, temple_doors_e, hex_tiny
Temple:   triangle_lava_temple_12
Ossuary:  ossuary_minmay_tomb_2a

Action                   |  1- 3 |  4- 6 |  7- 9 || total
-------------------------+-------+-------+-------++-------
Melee: War axe           |    95 |    80 |    55 ||   230
       Mace              |       |       |   185 ||   185
  Use: Scroll            |       |     5 |     3 ||     8
       Potion            |       |     2 |     1 ||     3
  Eat: Chunk             |       |     2 |     3 ||     5
       Bread ration      |       |       |     1 ||     1
       Pizza             |       |       |     1 ||     1
